 Dungeon Crawl Stone Soup version 0.29.1-15-g9cfb28693d (webtiles) character file.

Game seed: 14343550038225113252

380 Atreus the Chopper (level 6, 0/54 HPs)
             Began as a Palentonga Berserker on Mar 10, 2023.
             Was a Believer of Trog.
             Slain by a bullfrog (5 damage)
             ... on level 5 of the Dungeon.
             The game lasted 00:06:21 (4491 turns).

Atreus the Chopper (Palentonga Berserker)           Turns: 4491, Time: 00:06:23

Health: 0/54       AC:  8    Str: 25    XL:     6   Next: 46%
Magic:  6/6        EV:  5    Int:  7    God:    Trog [**....]
Gold:   221        SH:  0    Dex:  7    Spells: 5/5 levels left

rFire   . . .      SeeInvis +   a - +1 hand axe
rCold   . . .      Faith    .   (no shield)
rNeg    . . .      Spirit   .   g - +0 plate armour
rPois   .          Reflect  .   (no helmet)
rElec   .          Harm     .   (no cloak)
rCorr   .          Rampage  .   (no gloves)
Will    .....                   (no barding)
Stlth   ..........              (no amulet)
HPRegen 0.18/turn               (no ring)
MPRegen 0.10/turn               (no ring)

@: on berserk cooldown, slowed, very slow
A: large, rugged brown scales 3, see invisible, deformed body, roll 1, armoured
tail, clumsy 1, inability to read after injury 1
a: Rolling Charge, Renounce Religion, Berserk, Trog's Hand


You were on level 5 of the Dungeon.
You worshipped Trog.
Trog was pleased with you.
You visited 1 branch of the dungeon, and saw 5 of its levels.

You collected 221 gold pieces.

Inventory:

Hand Weapons
 a - a +1 hand axe (weapon)
Armour
 e - a scarf of harm
 g - a +0 plate armour (worn)
Scrolls
 i - a scroll of magic mapping
 j - a scroll of poison {unknown}
Potions
 b - 2 potions of brilliance
 c - a potion of attraction
 d - a potion of curing
 f - a potion of degeneration


   Skills:
 * Level 5.1 Fighting
 + Level 6.0 Axes
 - Level 1.5 Armour
 - Level 1.5 Dodging


You had 5 spell levels left.
You didn't know any spells.
Your spell library contained the following spells:

 Spells                   Type           Power      Damage    Failure   Level
 Gell's Gravitas          Tloc           0%         N/A       100%        3
 Ignite Poison            Fire/Tmut/Pois 0%         N/A       100%        3
 Lesser Beckoning         Tloc           0%         N/A       100%        3
 Mephitic Cloud           Conj/Pois/Air  0%         N/A       100%        3
 Teleport Other           Tloc           0%         N/A       100%        3
 Freezing Cloud           Conj/Ice/Air   0%         6-21      100%        5


Dungeon Overview and Level Annotations

Branches:
Dungeon (5/15)
 Temple: D:4-7

Altars:
Kikubaaqudgha
Uskayaw
The Shining One


Innate Abilities, Weirdness & Mutations

You are completely covered in rugged brown scales. (AC +3, +7% HP)
You have supernaturally acute eyesight. (SInv)
Armour fits poorly on your strangely shaped body.
You can roll at nearby foes to attack.
You have a long armoured tail.
You are clumsy. (Dex -2)
You occasionally lose the ability to read scrolls when taking damage.


Message History

You tear a large gash into the net.
You feel a strong urge to attack something.
The bullfrog hits you but does no damage.
The gnoll hits you with a +0 flail.
Unknown command.
You struggle against the net.
The bullfrog hits you.
* * * LOW HITPOINT WARNING * * *
The gnoll hits you with a +0 club.
* * * LOW HITPOINT WARNING * * *
You rip the net and break free!
You feel your anger nearly subside.
You are no longer berserk.
You are exhausted.
You feel yourself slow down. The bullfrog barely misses you.
The gnoll closely misses you.
You slash the gnoll!
You kill the gnoll!
Trog accepts your kill.
You slash the gnoll! You barely miss the bullfrog. The bullfrog hits you.
* * * LOW HITPOINT WARNING * * *
An orc comes into view. It is wielding a +0 hand axe.
The gnoll hits you with a +0 flail.
* * * LOW HITPOINT WARNING * * *
The bullfrog hits you.
* * * LOW HITPOINT WARNING * * *
An orc comes into view. It is wielding a +0 hand axe.
The gnoll hits you with a +0 flail.
* * * LOW HITPOINT WARNING * * *
You barely miss the gnoll.
The orc shouts!
Your tail-slap misses the gnoll.
The gnoll is severely wounded.
You hit the orc. You slash the bullfrog!
You hear a shout! x2
The bullfrog hits you but does no damage.
The bullfrog hits you.
* * * LOW HITPOINT WARNING * * *
The orc hits you but does no damage. The gnoll hits you with a +0 flail.
* * * LOW HITPOINT WARNING * * *
The bullfrog hits you.
You die...

.... #.#.#
...####.#.# ...
...... ###.#
#..... ...#
#..o# #
#.###$..#.#
####.......#.#
#.)......))Fo#
#.##.###)#@#...#
#.##.#
#.#go....#
#<##.#
#.#........
#.##.#
#..........
#.##.#
##.........
#.##.#
#......:..
#.....
##.......# #..
##.....## #..


You could see a bullfrog, a gnoll (swift) and 3 orcs.

Vanquished Creatures
  An ogre (D:5)
  A hound (D:4)
  A gnoll bouda (D:5)
  5 adders
  11 gnolls
  9 orcs
  7 bats
  4 endoplasms
  A giant cockroach (D:3)
  2 goblins
  10 hobgoblins
  7 jackals
  3 quokkas
  4 ball pythons
  6 frilled lizards
  8 kobolds
  8 rats
88 creatures vanquished.

Vanquished Creatures (others)
  A fungus (D:2)
1 creature vanquished.

Grand Total: 89 creatures vanquished

Notes
Turn   | Place    | Note
-------+----------+-------------------------------------------
     0 | D:1      | Atreus the Palentonga Berserker began the quest for the
                  | Orb.
     0 | D:1      | Reached XP level 1. HP: 19/19 MP: 1/1
   381 | D:1      | Reached XP level 2. HP: 22/25 MP: 2/2
   664 | D:1      | You fall into a shaft and drop 1 floor!
   721 | D:2      | Found a faded altar of an unknown god.
   821 | D:2      | Reached XP level 3. HP: 17/31 MP: 3/3
  1327 | D:2      | Reached skill level 4 in Axes
  2328 | D:3      | Reached ** piety under Trog
  2358 | D:3      | Found a glowing golden altar of the Shining One.
  2359 | D:3      | Found a hide-covered altar of Uskayaw.
  2430 | D:3      | Reached XP level 4. HP: 39/39 MP: 4/4
  3042 | D:3      | Gained mutation: You are partially covered in iridescent
                  | scales. (AC +2) [potion of mutation]
  3113 | D:3      | Lost mutation: You are partially covered in iridescent
                  | scales. (AC +2) [potion of mutation]
  3113 | D:3      | Gained mutation: You occasionally lose the ability to read
                  | scrolls when taking damage. [potion of mutation]
  3113 | D:3      | Gained mutation: You are clumsy. (Dex -2) [potion of
                  | mutation]
  3447 | D:4      | Found an ancient bone altar of Kikubaaqudgha.
  3469 | D:4      | Reached XP level 5. HP: 14/44 MP: 5/5
  3478 | D:4      | Reached skill level 5 in Axes
  3944 | D:4      | Identified the +3 ring mail of the Maze {+Blink rElec Will-
                  | Str-4}
  4469 | D:5      | Entered Level 5 of the Dungeon
  4476 | D:5      | Noticed an ogre
  4483 | D:5      | Reached XP level 6. HP: 42/53 MP: 6/6
  4485 | D:5      | Reached skill level 5 in Fighting
  4486 | D:5      | Reached skill level 6 in Axes
  4491 | D:5      | Slain by a bullfrog

Illustrated notes

Levels and vault maps discovered:
D:1:      dpeg_arrival_fog, layout_basic
D:2:      layout_basic, dreamdust_ecumenical_altar_hidden_monk_grotto,
          wad_orctagon
D:3:      layout_rooms, grunt_temple_overflow_open,
          chequers_serial_rivers_micro_e
D:4:      layout_loops_ring, mainiacjoe_overflow_chevrons, wad_floor_pattern_1,
          hangedman_decor_growths
D:5:      layout_loops_ring, minmay_fire_ice_demons

Skill      XL: |  1  2  3  4  5  6 |
---------------+-------------------+-----
Axes           | 4 5 6 |  6.0
Fighting       | 4 5 |  5.1
Armour         | |  1.5
Dodging        | |  1.5

Action                   |  1- 3 |  4- 6 || total
-------------------------+-------+-------++-------
Melee: Hand axe          |   103 |    98 ||   201
       Tailslap          |    11 |    10 ||    21
Invok: Berserk           |       |     3 ||     3
 Abil: Rolling Charge    |    22 |    10 ||    32
  Use: Scroll            |     6 |     3 ||     9
       Potion            |       |     7 ||     7
Armor: Animal skin       |     8 |       ||     8
       Ring mail         |    31 |       ||    31
       Plate armour      |     7 |    61 ||    68
       Chain mail        |     4 |       ||     4
Dodge: Dodged            |    52 |    39 ||    91
